AoeStats
← DS_Kvothe

Arabia

510435931Analyzed
1v1 RM · 23h ago on Oct 1, 2026· 40m 34s· 2 players
Game mode
Random Map
Map size
Tiny (2 player)
Population
200
Speed
Normal
Resources
Standard
Victory
Conquest
Starting age
Dark Age
Ending age
Imperial Age
RankedLock teamsTeams togetherTeam positionsShared explorationLock speedFull tech treeHidden civsTurbo modeCheats
Victory
Defeat
🇨🇳 Teutons · China
1790
+20
🇦🇷 Cumans · Argentina
1886
-20
King-WzRun
6:09 Loom
9:24 Feudal Age
9:51 Double-Bit Axe
20:07 Horse Collar
21:15 Wheelbarrow
21:28 Forging
22:00 Scale Barding Armor
24:09 Bloodlines
27:01 Castle Age
26:04 Gold Mining
28:21 Iron Casting
28:50 Bow Saw
33:56 Chain Barding Armor
33:37 Scale Mail Armor
33:30 Pikeman
34:53 Stone Mining
40:01 Hand Cart
DS_Kvothe
6:43 Loom
9:04 Feudal Age
9:48 Double-Bit Axe
10:33 Horse Collar
22:31 Wheelbarrow
24:00 Forging
24:10 Scale Barding Armor
26:17 Bloodlines
31:54 Castle Age
31:29 Fletching
33:04 Bodkin Arrow
33:32 Chain Barding Armor
33:47 Iron Casting
37:40 Gold Mining
Connection lost

Rejoining the realm…

Still unreachable

The connection could not be restored.

Session expired

The server has moved on; the page needs a fresh start.